 Dungeon Crawl Stone Soup version 0.31-a0-656-gb4d89c20fa (webtiles) character file.

Game seed: 18163144498451049745

29 cforsyth the Charlatan (level 3, -2/28 HPs)
             Began as a Gnoll Artificer on Aug 30, 2023.
             Killed from afar by an orc wizard (8 damage)
             ... with a puff of flame
             ... on level 2 of the Dungeon.
             The game lasted 00:00:58 (1152 turns).

cforsyth the Charlatan (Gnoll Artificer)            Turns: 1152, Time: 00:00:59

Health: -2/28      AC:  4    Str: 11    XL:     3   Next: 16%
Magic:  4/4        EV: 12    Int: 12    God:
Gold:   53         SH:  0    Dex: 12    Spells: 3/3 levels left

rFire   . . .        a - +0 club
rCold   . . .        (no shield)
rNeg    . . .        b - +0 leather armour
rPois   .            l - +1 hat
rElec   .            (no cloak)
rCorr   .            (no gloves)
SInv    .            (no boots)
Will    .....        (no amulet)
Stlth   +            (no ring)
HPRegen 0.24/turn    (no ring)
MPRegen 0.09/turn

%: no passive effects
@: confused
A: fangs 1, strong nose, distributed training
a: no special abilities


You were on level 2 of the Dungeon.
You visited 1 branch of the dungeon, and saw 2 of its levels.

You collected 53 gold pieces.

Inventory:

Hand Weapons
 a - a +0 club (weapon)
Armour
 b - a +0 leather armour (worn)
 l - a +1 hat (worn)
Wands
 c - a wand of flame (15) (quivered)
 d - a wand of charming (15)
 e - a wand of iceblast (5)
Scrolls
 j - a scroll of fear {unknown}
Potions
 f - a potion of brilliance {unknown}
 g - a potion of cancellation {unknown}
 h - a potion of curing {unknown}
 i - a potion of magic {unknown}
 k - a potion of berserk rage {unknown}
 m - a potion of heal wounds {unknown}
 n - a potion of lignification {unknown}
 o - a potion of invisibility {unknown}


   Skills:
 + Level 2.6 Fighting
 + Level 0.7 Short Blades
 + Level 0.7 Long Blades
 + Level 0.7 Axes
 + Level 0.7 Maces & Flails
 + Level 0.7 Polearms
 + Level 0.7 Staves
 + Level 0.7 Ranged Weapons
 + Level 0.7 Throwing
 + Level 4.5 Armour
 + Level 2.6 Dodging
 + Level 2.3 Stealth
 + Level 0.7 Shields
 + Level 0.7 Unarmed Combat
 + Level 0.7 Spellcasting
 + Level 0.5 Conjurations
 + Level 0.5 Hexes
 + Level 0.5 Summonings
 + Level 0.5 Necromancy
 + Level 0.5 Translocations
 + Level 0.5 Transmutations
 + Level 0.5 Fire Magic
 + Level 0.5 Ice Magic
 + Level 0.5 Air Magic
 + Level 0.5 Earth Magic
 + Level 0.5 Poison Magic
 + Level 0.9 Invocations
 + Level 6.5 Evocations
 + Level 0.6 Shapeshifting


You had 3 spell levels left.
You didn't know any spells.
Your spell library contained the following spells:

 Spells                   Type           Power      Damage    Failure   Level
 Ozocubu's Armour         Ice            1%         N/A       67%         3
 Metabolic Englaciation   Hex/Ice        0%         N/A       100%        5
 Simulacrum               Ice/Necr       0%         N/A       100%        6


Dungeon Overview and Level Annotations

Branches:
Dungeon (2/15)

Altars:

Shops:
D:1 (


Innate Abilities, Weirdness & Mutations

You have very sharp teeth.
Your uncanny sense of smell can sniff out nearby items.
Your experience applies equally to all skills.


Message History

An orc comes into view. It is wielding a +0 club.
An orc is nearby!
An orc is nearby!
A goblin and an orc wizard come into view.
The goblin shouts!
The orc wizard shouts!
An orc comes into view. It is wielding a +0 trident.
The goblin moves out of view.
The orc shouts!
The orc shouts!
The orc wizard points at you and mumbles some strange words.
You are confused.
The goblin closely misses you.
You are too confused!
You are too confused!
You bump into the rock wall.
The goblin barely misses you.
The orc wizard points at you and mumbles some strange words.
You are more confused.
You're too confused to move!
The orc hits you but does no damage. The orc barely misses you.
The goblin hits you with a +0 dagger.
You bump into the rock wall.
The orc hits you from afar with a +0 trident.
The goblin hits you but does no damage. The orc closely misses you.
The orc wizard gestures at you while chanting.
You are more confused.
Unknown command.
You bump into the rock wall.
The orc wizard points at you and mumbles some strange words.
The puff of flame hits you! The orc completely misses you.
The orc closely misses you. The goblin hits you but does no damage.
The orc barely misses you. The goblin attacks as it pursues you!
The goblin hits you but does no damage. The orc hits you with a +0 club.
The orc barely misses you. The orc wizard casts a spell at you.
The magic dart hits you!
* * * LOW HITPOINT WARNING * * *
The orc hits you but does no damage. The goblin barely misses you.
Unknown command.
The orc wizard points at you and mumbles some strange words.
The puff of flame hits you!
You die...

#<....## #.....#
#.....# ##...##
####### ##.....##
#.....# #
#.......###.....#.##
#..........o.......#
#.......###.go......
##.....## #@o......#
##...## ##...##.##
##### .......#
........ .......#
##...##.# ...# .#
...#


You could see an orc wizard, 2 orcs and a goblin.

Vanquished Creatures
  3 dart slugs (D:1)
  3 ball pythons (D:1)
  3 endoplasms (D:1)
  3 goblins (D:1)
  A hobgoblin (D:1)
  3 jackals (D:1)
  2 quokkas
  2 bats (D:1)
20 creatures vanquished.

Notes
Turn   | Place    | Note
-------+----------+-------------------------------------------
     0 | D:1      | cforsyth the Gnoll Artificer began the quest for the Orb.
     0 | D:1      | Reached XP level 1. HP: 17/17 MP: 1/1
   210 | D:1      | Found a faded altar of an unknown god.
   332 | D:1      | Reached XP level 2. HP: 21/23 MP: 2/2
   528 | D:1      | Found Largh's Antique Weapon Shop.
   644 | D:1      | Reached XP level 3. HP: 23/28 MP: 3/3
  1152 | D:2      | Killed from afar by an orc wizard

Illustrated notes

Levels and vault maps discovered:
D:1:      kilobyte_arrival_exit_the_forest, layout_loops_ring, serial_shops,
          shop, shapermc_ecumenical_altar_hornbeckon
D:2:      layout_loops_corners

Action                     || total
---------------------------++-------
  Melee: Club              ||    79
         Bite              ||    10
         Punch             ||     1
   Stab: Sleeping          ||     3
 Armour: Leather armour    ||    23
  Dodge: Dodged            ||    69

Table legend: (Time is in decaauts)
 A = Elapsed time spent in this place.
 B = Non-inter-level travel time spent in this place.
 C = Inter-level travel time spent in this place.
 D = Time resting spent in this place.
 E = Time spent auto-exploring this place.
 F = Levels seen in this place.
 G = Mean time per level.
                   A        B        C        D        E       F      G
               +--------+--------+--------+--------+--------+-----+--------+
         Total |   1194 |   1131 |     63 |      0 |    920 |   2 |  597.0 |
       Dungeon |   1194 |   1131 |     63 |      0 |    920 |   2 |  597.0 |
               +--------+--------+--------+--------+--------+-----+--------+

Top non-repeatable levels by time:
     D:1: 1150 daAuts
     D:2: 43 daAuts
